 Dungeon Crawl Stone Soup version 0.25-a0-398-g1920f1ac21 (webtiles) character file.

Game seed: 8626515177756192116, levelgen mode: deterministic

1697 Roikka the Cleaver (level 8, -1/70 HPs)
             Began as a Minotaur Berserker on Jan 8, 2020.
             Was an Elder of Trog.
             Succumbed to Oki's ghost's poison
             ... on level 6 of the Dungeon.
             The game lasted 00:13:16 (4773 turns).

Roikka the Cleaver (Minotaur Berserker)             Turns: 4773, Time: 00:13:17

Health: -1/70      AC:  9    Str: 24    XL:     8   Next: 72%
Magic:  7/7        EV: 15    Int:  9    God:    Trog [****..]
Gold:   232        SH: 12    Dex: 15    Spells: 7/7 levels left

rFire    . . .     SeeInvis .   t - +1 broad axe
rCold    . . .     Gourm    .   x - +0 shield
rNeg     . . .     Faith    +   r - +0 scale mail
rPois    .         Spirit   +   (helmet restricted)
rElec    .         Reflect  .   h - scarf {Spirit}
rCorr    .         Harm     .   (no gloves)
MR       .....                  (no boots)
Stlth    +.........             g - amulet of faith
HPRegen  0.21/turn              p - +2 ring of protection
MPRegen  0.10/turn              (no ring)

@: brilliant, agile, lethally poisoned (-1 -> -21), flying
A: retaliatory headbutt, horns 2
a: Berserk, Trog's Hand, Brothers in Arms, Renounce Religion


You were on level 6 of the Dungeon.
You worshipped Trog.
Trog was greatly pleased with you.
You were not hungry.

You visited 1 branch of the dungeon, and saw 6 of its levels.

You collected 232 gold pieces.

Inventory:

Hand Weapons
 a - a +0 hand axe
 q - a +1 flail of protection
 t - a +1 broad axe (weapon)
Missiles
 k - 4 boomerangs (quivered)
Armour
 h - a scarf of spirit shield (worn)
 r - a +0 scale mail (worn)
 x - a +0 shield (worn)
Jewellery
 d - a cursed amulet of regeneration
 g - an amulet of faith (around neck)
 p - a +2 ring of protection (left hand)
Wands
 n - a wand of random effects (20)
Scrolls
 e - 2 scrolls of fear
 i - 2 scrolls of enchant armour
 l - 2 scrolls of enchant weapon
 o - 3 scrolls of teleportation {unknown}
 v - a scroll of blinking {unknown}
Potions
 b - a potion of mutation {unknown}
 f - a potion of heal wounds {unknown}
 j - a potion of lignification {unknown}
Comestibles
 c - 9 rations


   Skills:
 - Level 6.0 Fighting
 + Level 8.1(8.2) Axes
 - Level 1.1(5.2) Maces & Flails
 - Level 6.5 Armour
 - Level 2.1 Dodging
 * Level 7.8 Shields


You had 7 spell levels left.
You didn't know any spells.
Your spell library was empty.

Dungeon Overview and Level Annotations

Branches:
Dungeon (6/15)
 Temple: D:4-7

Altars:
Ru
Wu Jian
Xom

Annotations:
D:5 Oki's ghost, amateur GnWz


Innate Abilities, Weirdness & Mutations

You reflexively headbutt those who attack you in melee.
You have a pair of horns on your head.


Message History

You climb downwards.
* * * LOW HITPOINT WARNING * * *
You feel very sick.
There is a stone staircase leading up here.
Okay, then.
Okay, then.
Okay, then.
Okay, then.
It was a potion of agility.
You feel agile all of a sudden.
* * * LOW HITPOINT WARNING * * *
You feel very sick.
It was a potion of flight.
You feel very buoyant.
You fly up into the air.
* * * LOW HITPOINT WARNING * * *
You feel sick.
It was a potion of brilliance.
You feel clever all of a sudden.
You die...

###
#..
#.#
#.#
#@#
###


There were no monsters in sight!

Vanquished Creatures
  The ghost of Napalmbreeze the Magician, a novice DrTm of Hepliaklqana (D:5)
  The ghost of topfpfpflanze the Magician, an amateur OpEE (D:5)
  Eustachio (D:5)
  A phantom (D:5)
  A sky beast (D:5)
  An orc warrior (D:5)
  An ogre (D:5)
  A gnoll sergeant (D:5)
  A wight (D:5)
  A hound (D:4)
  2 orc priests
  Natasha (thrice) (D:3)
  3 iguanas
  A worker ant (D:5)
  A hound zombie (D:5)
  A worker ant zombie (D:5)
  A howler monkey skeleton (D:4)
  7 adders
  7 gnolls
  5 worms
  A dart slug (D:2)
  3 leopard geckos
  8 orcs
  5 giant cockroaches
  2 hobgoblins
  11 jackals
  3 quokkas
  A ball python (D:4)
  6 bats
  3 frilled lizards (D:1)
  11 goblins
  A jackal skeleton (D:4)
  3 kobolds
  7 rats
106 creatures vanquished.

Notes
Turn   | Place    | Note
-------+----------+-------------------------------------------
     0 | D:1      | Roikka the Minotaur Berserker began the quest for the Orb.
     0 | D:1      | Reached XP level 1. HP: 19/19 MP: 0/0
   164 | D:1      | Reached skill level 4 in Axes
   211 | D:1      | Reached XP level 2. HP: 27/27 MP: 1/1
  1008 | D:2      | Reached XP level 3. HP: 17/33 MP: 2/2
  1286 | D:2      | Reached ** piety under Trog
  1413 | D:2      | Reached skill level 1 in Maces & Flails
  1413 | D:2      | Reached skill level 1 in Shields
  1413 | D:2      | Reached XP level 4. HP: 11/40 MP: 0/3
  2087 | D:3      | Reached skill level 5 in Axes
  2096 | D:3      | Reached XP level 5. HP: 44/47 MP: 4/4
  2237 | D:3      | Noticed Natasha
  2242 | D:3      | Killed Natasha
  2261 | D:3      | Reached *** piety under Trog
  2289 | D:3      | Found an ornate altar of the Wu Jian Council.
  2398 | D:3      | Found a sacrificial altar of Ru.
  2463 | D:3      | Noticed Natasha
  2467 | D:3      | Killed Natasha
  2557 | D:3      | Noticed Natasha
  2560 | D:3      | Killed Natasha
  2719 | D:3      | Found a basalt altar of Yredelemnul.
  2721 | D:3      | Found a snail-covered altar of Cheibriados.
  2721 | D:3      | Found a burning altar of Makhleb.
  2723 | D:3      | Found a hide-covered altar of Uskayaw.
  2723 | D:3      | Found a shimmering altar of Xom.
  2723 | D:3      | Found an iron altar of Okawaru.
  2843 | D:4      | Reached XP level 6. HP: 55/55 MP: 5/5
  2891 | D:4      | Reached skill level 5 in Fighting
  2902 | D:4      | Reached skill level 6 in Axes
  3337 | D:4      | Found a sacrificial altar of Ru.
  3558 | D:5      | Entered Level 5 of the Dungeon
  3569 | D:5      | Found a runed translucent gate.
  3569 | D:5      | Found a runed translucent gate.
  3569 | D:5      | Found a runed translucent gate.
  3579 | D:5      | Noticed topfpfpflanze's ghost (amateur OpEE)
  3579 | D:5      | Noticed Oki's ghost (amateur GnWz)
  3579 | D:5      | Noticed Napalmbreeze's ghost (novice DrTm)
  3595 | D:5      | Noticed an orc warrior
  3604 | D:5      | Killed an orc warrior
  3660 | D:5      | Reached XP level 7. HP: 47/61 MP: 6/6
  3661 | D:5      | Noticed Eustachio
  3691 | D:5      | Killed Eustachio
  3691 | D:5      | Reached skill level 5 in Armour
  4298 | D:5      | Reached skill level 5 in Shields
  4301 | D:5      | Reached **** piety under Trog
  4301 | D:5      | Reached skill level 7 in Axes
  4312 | D:5      | Reached XP level 8. HP: 59/70 MP: 5/7
  4634 | D:5      | Killed Napalmbreeze's ghost
  4639 | D:5      | Killed topfpfpflanze's ghost
  4639 | D:5      | Reached skill level 8 in Axes
  4771 | D:6      | HP: 3/70 [poisoned by Oki's ghost]
  4772 | D:6      | HP: 1/70 [poisoned by Oki's ghost]
  4773 | D:6      | Succumbed to Oki's ghost's poison

Levels and vault maps discovered:
D:1:      dpeg_arrival_another_circle, layout_basic
D:2:      layout_rooms
D:3:      layout_loops_corners, nicolae_overflow_crystal_walls,
          lemuel_round_altar, doesnt_xom_only_xom, uniq_natasha
D:4:      layout_basic, first_ration, nicolae_ru_the_path_less_chosen
D:5:      cheibrodos_iron_armory, layout_cave_pods, gammafunk_ghost_cemetery,
          sword_in_stone
D:6:      layout_basic, gammafunk_temple_overflow_statue, kennysheep_mini,
          kennysheep_little_box, kennysheep_minor_cross

Skill      XL: |  1  2  3  4  5  6  7  8 |
---------------+-------------------------+-----
Axes           | 4 5 6 7 8 |  8.1
Fighting       | 4 5 6 |  6.0
Armour         | 3 4 5 6 |  6.5
Maces & Flails | 1 |  1.1
Shields        | 1 2 3 5 7 |  7.8
Dodging        | |  2.1

Action                   |  1- 3 |  4- 6 |  7- 9 || total
-------------------------+-------+-------+-------++-------
Melee: Hand axe          |    50 |    82 |       ||   132
       Headbutt          |     9 |    21 |    14 ||    44
       Mace              |     6 |     3 |       ||     9
       Broad axe         |       |    51 |    75 ||   126
Throw: Boomerang         |    29 |     7 |     8 ||    44
Invok: Berserk           |       |       |     1 ||     1
  Use: Scroll            |     4 |     6 |       ||    10
       Potion            |       |       |     3 ||     3
  Eat: Chunk             |     1 |     8 |     4 ||    13
Armor: Leather armour    |    14 |    15 |       ||    29
       Scale mail        |       |    38 |    37 ||    75
Dodge: Dodged            |    40 |    74 |    35 ||   149
Block: Shield            |       |     2 |    36 ||    38

Table legend:
 A = Non-vault XP
 B = Vault XP
 C = Vault XP percentage of total XP
 D = Non-vault monster count
 E = Vault monster count
 F = Vault count percentage of total count
                 A         B        C        D         E       F
            +---------+---------+-------+---------+---------+-------
      Total |    1109 |    1316 |  54.3 |      99 |       7 |   6.6
            +---------+---------+-------+---------+---------+-------
        D:1 |      34 |       0 |   0.0 |      22 |       0 |   0.0
        D:2 |      89 |       0 |   0.0 |      13 |       0 |   0.0
        D:3 |     207 |      35 |  14.5 |      35 |       1 |   2.8
        D:4 |     159 |       0 |   0.0 |      11 |       0 |   0.0
        D:5 |     620 |    1281 |  67.4 |      18 |       6 |  25.0
            +---------+---------+-------+---------+---------+-------
